 Dungeon Crawl Stone Soup version 0.30-a0-586-g23e55c9e0a (webtiles) character file.

Game seed: 17138655783261857847

181 Citaku the Covered (level 5, 0/47 HPs)
             Began as a Minotaur Fighter on Jan 3, 2023.
             Was an Initiate of Trog.
             Slain by a gnoll
             ... wielding a +0 spear
              (5 damage)
             ... on level 3 of the Dungeon.
             The game lasted 00:03:34 (1823 turns).

Citaku the Covered (Minotaur Fighter)               Turns: 1823, Time: 00:03:34

Health: 0/47       AC:  7    Str: 23    XL:     5   Next: 34%
Magic:  4/4        EV:  9    Int:  5    God:    Trog [......]
Gold:   132        SH:  4    Dex:  9    Spells: 4/4 levels left

rFire   . . .      SeeInvis .    a - +0 war axe
rCold   . . .      Faith    .    c - +0 buckler
rNeg    . . .      Spirit   .    b - +0 scale mail
rPois   .          Reflect  .    (helmet restricted)
rElec   .          Harm     .    (no cloak)
rCorr   .          Rampage  .    (no gloves)
Will    .....                    (no boots) Stlth
                                 (no amulet)
HPRegen 0.27/turn                (no ring)
MPRegen 0.09/turn                (no ring)

@: no status effects
A: horns 2, retaliatory headbutt
a: Renounce Religion


You were on level 3 of the Dungeon.
You worshipped Trog.
Trog was noncommittal.
You visited 1 branch of the dungeon, and saw 3 of its levels.

You collected 132 gold pieces.

Inventory:

Hand Weapons
 a - a +0 war axe (weapon)
Armour
 b - a +0 scale mail (worn)
 c - a +0 buckler (worn)
Scrolls
 f - a scroll of poison {unknown}
 g - 2 scrolls of teleportation
 j - a scroll of enchant armour
 m - a scroll of vulnerability {unknown}
 n - a scroll of amnesia {unknown}
Potions
 d - 2 potions of brilliance
 e - a potion of cancellation
 h - 2 potions of curing {unknown}
 i - a potion of heal wounds {unknown}
 k - a potion of haste {unknown}
 l - a potion of attraction {unknown}
 o - a potion of degeneration {unknown}


   Skills:
 + Level 4.5 Fighting
 * Level 4.7 Axes
 * Level 5.4 Armour
 - Level 3.6 Shields


You had 4 spell levels left.
You didn't know any spells.
Your spell library was empty.

Dungeon Overview and Level Annotations

Branches:
Dungeon (3/15)

Altars:
Nemelex Xobeh
Trog


Innate Abilities, Weirdness & Mutations

You have a pair of horns on your head.
You reflexively headbutt those who attack you in melee.


Message History

The gnoll hits you but does no damage.
Things that are here:
a +0 club; a gnoll corpse
Found 11 gold pieces.
The gnoll barely misses you. x2
The gnoll closely misses you. You furiously retaliate!
You headbutt the gnoll! You barely miss the gnoll.
The gnoll is severely wounded.
You barely miss the gnoll. You hit the gnoll. The gnoll closely misses you.
You furiously retaliate!
You headbutt the gnoll!
You kill the gnoll!
Trog accepts your kill. The gnoll hits you with a +0 flail!
* * * LOW HITPOINT WARNING * * *
The gnoll hits you but does no damage.
You barely miss the gnoll.
The gnoll is severely wounded.
You hit the gnoll. The gnoll hits you with a +0 spear.
* * * LOW HITPOINT WARNING * * *
The gnoll barely misses you. You furiously retaliate!
You headbutt the gnoll.
You kill the gnoll!
Trog accepts your kill.
You hit the gnoll but do no damage. Your headbutt misses the gnoll.
The gnoll is severely wounded.
You block the gnoll's attack. The gnoll hits you with a +0 spear.
* * * LOW HITPOINT WARNING * * *
You barely miss the gnoll.
The gnoll is severely wounded.
The gnoll hits you but does no damage.
You closely miss the gnoll.
The gnoll is severely wounded.
You block the gnoll's attack.
You closely miss the gnoll.
The gnoll is severely wounded.
The gnoll hits you with a +0 spear.
* * * LOW HITPOINT WARNING * * *
The gnoll barely misses you.
You closely miss the gnoll.
The gnoll is severely wounded.
The gnoll hits you with a +0 spear.
You die...

#............#
.......
#............#
.......
#............#
.......
#............#
.......
#########...###
.......
............#
.......
$...........#
.......
.......g).###
.......
.......@).#
......
........).#
.....
..........#
.....
..........#
###########


You could see a gnoll.

Vanquished Creatures
  7 gnolls
  5 adders
  A worm (D:3)
  2 dart slugs
  5 orcs (D:3)
  A ball python (D:3)
  5 bats
  3 endoplasms
  5 giant cockroaches
  4 goblins
  8 hobgoblins
  A quokka (D:1)
  6 frilled lizards
  2 kobolds
  3 rats (D:1)
58 creatures vanquished.

Notes
Turn   | Place    | Note
-------+----------+-------------------------------------------
     0 | D:1      | Citaku the Minotaur Fighter began the quest for the Orb.
     0 | D:1      | Reached XP level 1. HP: 19/19 MP: 0/0
   151 | D:1      | Reached XP level 2. HP: 20/27 MP: 1/1
   155 | D:1      | Reached skill level 4 in Armour
   460 | D:1      | Reached XP level 3. HP: 31/33 MP: 2/2
   483 | D:1      | Found a faded altar of an unknown god.
   829 | D:2      | Reached XP level 4. HP: 37/40 MP: 3/3
  1413 | D:3      | Found a bloodstained altar of Trog.
  1424 | D:3      | Reached skill level 5 in Armour
  1428 | D:3      | Became a worshipper of Trog the Wrathful
  1509 | D:3      | Found a sparkling altar of Nemelex Xobeh.
  1668 | D:3      | Reached XP level 5. HP: 42/47 MP: 4/4
  1823 | D:3      | Slain by a gnoll

Illustrated notes

Levels and vault maps discovered:
D:1:      dpeg_arrival_rooms_c, layout_loops_ring,
          hellmonk_ecumenical_altar_heavens_door
D:2:      layout_basic, nicolae_elevator_lobby_asterisk
D:3:      layout_basic, bloody_trog, nemelex_spade_bored_becter,
          glass_columns_c, pf_guarded_unrand_woodcutter

Skill      XL: |  1  2  3  4 |
---------------+-------------+-----
Armour         | 4 5 |  5.4
Axes           | 3 4 |  4.7
Fighting       | 4 |  4.5
Shields        | |  3.6

Action                   |  1- 3 |  4- 6 || total
-------------------------+-------+-------++-------
Melee: War axe           |    64 |    59 ||   123
       Headbutt          |     3 |     6 ||     9
  Use: Potion            |     1 |       ||     1
       Scroll            |       |     4 ||     4
Armor: Scale mail        |    33 |    33 ||    66
Dodge: Dodged            |    34 |    44 ||    78
Block: Buckler           |    14 |    18 ||    32

Table legend: (Time is in decaauts)
 A = Elapsed time spent in this place.
 B = Non-inter-level travel time spent in this place.
 C = Inter-level travel time spent in this place.
 D = Time resting spent in this place.
 E = Time spent auto-exploring this place.
 F = Levels seen in this place.
 G = Mean time per level.
                   A        B        C        D        E       F      G
               +--------+--------+--------+--------+--------+-----+--------+
         Total |   1865 |   1865 |      0 |      0 |   1339 |   3 |  621.7 |
       Dungeon |   1865 |   1865 |      0 |      0 |   1339 |   3 |  621.7 |
               +--------+--------+--------+--------+--------+-----+--------+

Top non-repeatable levels by time:
     D:1: 666 daAuts
     D:2: 624 daAuts
     D:3: 575 daAuts
